 Dungeon Crawl Stone Soup version 0.30-a0-1018-g25214051b3 (webtiles) character file.

Game seed: 841738743719872404

74 ThatPearl the Insei (level 4, -1/33 HPs)
             Began as a Djinni Transmuter on Apr 7, 2023.
             Slain by a black bear (3 damage)
             ... on level 6 of the Dungeon on Apr 8, 2023.
             The game lasted 00:06:33 (2201 turns).

ThatPearl the Insei (Djinni Transmuter)             Turns: 2201, Time: 00:06:34

Health: -1/33      AC:  2    Str:  9    XL:     4   Next: 52%
Gold:   164        EV: 12    Int: 16    God:
                   SH:  0    Dex: 14

rFire   + + .      SeeInvis .      - Unarmed
rCold   x . .      Faith    .    (no shield)
rNeg    . . .      Spirit   .    a - +0 robe
rPois   ∞          Reflect  .    (helmet currently unavailable)
rElec   .          Rampage  .    (no cloak)
rCorr   .                        (no gloves)
Will    .....                    (boots unavailable)
Stlth   +                        (no amulet)
HPRegen 0.25/turn                (no ring)
MPRegen 0.00/turn                (no ring)

@: appendages (expiring), wereblooded, flying
A: horns 2, flying, sickness immunity, fire resistance 2, cold vulnerability 1,
float, innate caster, HP casting, extra vitality 1
a: End Transformation


You were on level 6 of the Dungeon.
You had temporarily grown beastly horns.
You visited 1 branch of the dungeon, and saw 4 of its levels.

You collected 164 gold pieces.

Inventory:

Missiles
 f - 10 stones
 l - 6 poisoned darts
Armour
 a - a +0 robe (worn)
Jewellery
 i - an amulet of faith
Scrolls
 d - a scroll of teleportation {unknown}
 e - a scroll of fog {unknown}
 g - a scroll of enchant armour {unknown}
 h - a scroll of vulnerability {unknown}
 q - a scroll of noise {unknown}
Potions
 b - a potion of lignification
 c - a potion of brilliance {unknown}
 j - 3 potions of might {unknown}
 k - a potion of cancellation {unknown}
 m - a potion of degeneration {unknown}
 n - a potion of curing {unknown}
 o - a potion of haste {unknown}
 p - 2 potions of flight {unknown}


   Skills:
 + Level 2.0 Fighting
 - Level 2.1 Dodging
 * Level 4.1 Unarmed Combat
 + Level 2.1 Spellcasting


You knew the following spells:

 Your Spells              Type           Power      Damage    Failure   Level
a - Beastly Appendage     Tmut           16%        N/A       9%          1
d - Spider Form           Tmut/Pois      8%         N/A       26%         3
i - Ice Form              Ice/Tmut       8%         N/A       63%         4
s - Shock                 Conj/Air       32%        1d5       9%          1
w - Wereblood             Tmut           8%         N/A       13%         2
Your spell library was empty.

Dungeon Overview and Level Annotations

Branches:
Dungeon (3/15)

Altars:
Okawaru


Innate Abilities, Weirdness & Mutations

You have temporarily grown beastly horns.
You are flying.
You are immune to sickness and miasma.
You are immune to poison.
Your flesh is very heat resistant. (rF++)
You are vulnerable to cold. (rC-)
You float through the air rather than walking.
You learn spells naturally, not from books.
Your magical power is your life essence.
You have superior vitality. (+4 MHP)


Message History

Your blood is infused with primal strength.
The adder bites you.
The black bear bites you but does no damage.
The black bear claws you. The black bear barely misses you.
Unknown command.
You hit the adder.
The adder is moderately wounded.
The adder barely misses you. x2; The black bear bites you.
* * * LOW HITPOINT WARNING * * *
The black bear closely misses you.
The black bear claws you but does no damage.
You hit the adder but do no damage. You headbutt the adder.
The adder is almost dead.
The adder barely misses you. The black bear barely misses you.
The black bear closely misses you. The black bear claws you.
* * * LOW HITPOINT WARNING * * *
You hit the adder.
You feel a bit better.
You kill the adder!
The black bear misses you. The black bear claws you.
* * * LOW HITPOINT WARNING * * *
The black bear claws you.
* * * LOW HITPOINT WARNING * * *
Your Fighting skill increases to level 2!
You punch the black bear!
The black bear is moderately wounded.
You hit the black bear but do no damage.
The black bear is moderately wounded.
The black bear barely misses you. The black bear claws you.
* * * LOW HITPOINT WARNING * * *
The black bear claws you.
* * * LOW HITPOINT WARNING * * *
You hit the black bear but do no damage.
The black bear is moderately wounded.
The black bear bites you but does no damage.
The black bear completely misses you.
The black bear claws you but does no damage.
You hit the black bear but do no damage.
The black bear is moderately wounded.
The black bear bites you.
You die...

#..##.#..#..# ##
##S.##.#..#..# ...
#...##.#..#..##..S#
#...##.#..#.......>
#...##.#.....#
#...##...#...##
#...##........#
#....†h.....# ###.S
#....@#.....##..h...
#.....#........#
#.....#..##.####
#.....#..#..#
#.....#......
#.....#...####
#.....#.###
#.....### #.....#


You could see a black bear.

Vanquished Creatures
  2 adders
  A worm (D:2)
  A dart slug (D:1)
  5 bats
  9 endoplasms
  3 giant cockroaches
  3 goblins
  5 hobgoblins
  3 quokkas
  4 ball pythons
  7 frilled lizards
  A kobold (D:1)
  4 rats (D:1)
48 creatures vanquished.

Notes
Turn   | Place    | Note
-------+----------+-------------------------------------------
     0 | D:1      | ThatPearl the Djinni Transmuter began the quest for the
                  | Orb.
     0 | D:1      | ThatPearl set off with the following spells memorised:
                  | Beastly Appendage, Wereblood, Spider Form, Ice Form.
     0 | D:1      | Reached XP level 1. HP: 17/17 MP: 0/0
    86 | D:1      | Reached XP level 2. HP: 21/22 MP: 0/0
   469 | D:1      | Reached XP level 3. HP: 19/27 MP: 0/0
   469 | D:1      | Learned a level 1 spell: Shock
  1210 | D:2      | Found a faded altar of an unknown god.
  1295 | D:2      | Reached XP level 4. HP: 33/33 MP: 0/0
  1586 | D:2      | Reached skill level 4 in Unarmed Combat
  2022 | D:3      | Found an iron altar of Okawaru.
  2157 | D:3      | You are sucked into a shaft and drop 3 floors!
  2180 | D:6      | Noticed a black bear
  2180 | D:6      | Noticed a water moccasin
  2199 | D:6      | HP: 1/33 [black bear (2)]
  2201 | D:6      | Slain by a black bear

Illustrated notes

Levels and vault maps discovered:
D:1:      ncdulo_wetmaze, layout_basic, minmay_pentomino_w2
D:2:      layout_loops_corners, ebering_ecumenical_altar_hall
D:3:      layout_loops_ring, kennysheep_okawaru_gauntlet,
          chequers_serial_rivers_micro_a
D:6:      layout_rooms

Skill      XL: |  1  2  3  4 |
---------------+-------------+-----
Spellcasting   | 2 |  2.1
Unarmed Combat | 4 |  4.1
Fighting       | 2 |  2.0
Dodging        | |  2.1

Action                     |  1- 3 |  4- 6 || total
---------------------------+-------+-------++-------
  Melee: Unarmed           |   117 |    39 ||   156
         Headbutt          |    17 |     4 ||    21
         Punch             |     2 |     2 ||     4
   Cast: Beastly Appendage |    22 |    11 ||    33
         Shock             |       |     4 ||     4
         Wereblood         |       |     1 ||     1
   Stab: Sleeping          |     1 |     1 ||     2
 Armour: Robe              |    24 |    15 ||    39
  Dodge: Dodged            |    78 |    25 ||   103

Table legend: (Time is in decaauts)
 A = Elapsed time spent in this place.
 B = Non-inter-level travel time spent in this place.
 C = Inter-level travel time spent in this place.
 D = Time resting spent in this place.
 E = Time spent auto-exploring this place.
 F = Levels seen in this place.
 G = Mean time per level.
                   A        B        C        D        E       F      G
               +--------+--------+--------+--------+--------+-----+--------+
         Total |   2190 |   2148 |     42 |      0 |   1647 |   4 |  547.5 |
       Dungeon |   2190 |   2148 |     42 |      0 |   1647 |   4 |  547.5 |
               +--------+--------+--------+--------+--------+-----+--------+

Top non-repeatable levels by time:
     D:1: 1070 daAuts
     D:2: 878 daAuts
     D:3: 198 daAuts
     D:6: 43 daAuts
